 Dungeon Crawl Stone Soup version 0.31-a0-188-g5e087ee2ca (webtiles) character file.

Game seed: 9445275713762280249

30 qw the Shooter (level 3, -1/20 HPs)
             Began as a Deep Elf Hunter on June 22, 2023.
             Slain by a hobgoblin (3 damage)
             ... on level 2 of the Dungeon.
             The game lasted 00:00:13 (579 turns).

qw the Shooter (Deep Elf Hunter)                     Turns: 579, Time: 00:00:13

Health: -1/20      AC:  6    Str: 10    XL:     3   Next: 5%
Magic:  5/5        EV:  9    Int: 13    God:
Gold:   38         SH:  0    Dex: 18    Spells: 2/2 levels left

rFire   . . .        a - +0 shortbow
rCold   . . .        (shield currently unavailable)
rNeg    . . .        f - +0 scale mail
rPois   .            (no helmet)
rElec   .            (no cloak)
rCorr   .            (no gloves)
SInv    .            (no boots)
Will    .....        (no amulet)
Stlth   +            (no ring)
HPRegen 0.23/turn    (no ring)
MPRegen 0.09/turn

%: no passive effects
@: no status effects
A: no striking features
a: no special abilities


You were on level 2 of the Dungeon.
You visited 1 branch of the dungeon, and saw 2 of its levels.

You collected 38 gold pieces.


   Skills:
 - Level 1.5 Fighting
 + Level 6.6 Ranged Weapons
 - Level 2.4 Dodging
 - Level 1.2 Stealth


You had 2 spell levels left.
You didn't know any spells.
Your spell library was empty.

Inventory:

Hand Weapons
 a - a +0 shortbow (weapon)
Armour
 f - a +0 scale mail (worn)
Jewellery
 b - a ring of resist corrosion
Scrolls
 e - a scroll of silence {unknown}
 g - a scroll of brand weapon {unknown}
Potions
 c - a potion of curing {unknown}
 d - a potion of attraction {unknown}

Dungeon Overview and Level Annotations

Branches:
Dungeon (2/15)

Altars:

Annotations:
D:2 Natasha


Message History

The cerulean imp closely misses you.
You shoot an arrow. The arrow hits Natasha.
Natasha is lightly wounded.
The hobgoblin hits you but does no damage.
Natasha casts a spell at you. You resist with some effort.
The cerulean imp hits you from afar with a +2 spear.
The hobgoblin closely misses you.
Natasha mumbles some strange words.
You shoot an arrow. The arrow barely misses Natasha.
The arrow hits the cerulean imp but does no damage.
The cerulean imp hits you from afar with a +2 spear.
The goblin barely misses you.
The hobgoblin hits you but does no damage.
The cerulean imp barely misses you. Natasha misses you.
The cerulean imp hits you from afar with a +2 spear.
You shoot an arrow. The arrow hits Natasha!
Natasha is almost dead.
The goblin closely misses you.
The cerulean imp hits you from afar with a +2 spear.
Natasha claws you but does no damage. The hobgoblin hits you.
The cerulean imp hits you from afar with a +2 spear.
You shoot an arrow. The arrow completely misses Natasha.
The arrow hits the cerulean imp.
The cerulean imp is heavily wounded.
The goblin hits you with a +0 club.
The cerulean imp hits you but does no damage.
The hobgoblin closely misses you. Natasha barely misses you.
The cerulean imp hits you but does no damage.
You shoot an arrow. The arrow closely misses Natasha.
The arrow hits the cerulean imp!
You kill the cerulean imp!
The cerulean imp disappears in a puff of smoke!
A ball python comes into view.
The hobgoblin hits you but does no damage.
The goblin hits you but does no damage.
Natasha mumbles some strange words.
The cerulean imp hits you from afar with a +2 spear.
The hobgoblin hits you.
You die...

#### .... . ... .S
####..### :..
....... .... #..#
5#.....
###.###g5.# #
#.....@h¤# #.
##.#.##g....... ..
####..#.###.######
#.###.......# #..
#.........### ..#
######.#....# .#.#
#.....)..#.#...
##.#
#.###<####...## ..
#..# ##...#


You could see Natasha, 2 cerulean imps, a hobgoblin, a goblin and a ball python
(wandering).

Vanquished Creatures
  4 bats (D:1)
  4 endoplasms (D:1)
  A giant cockroach (D:1)
  2 goblins (D:1)
  3 hobgoblins (D:1)
  4 jackals (D:1)
  4 kobolds
  A quokka (D:1)
  A rat (D:1)
24 creatures vanquished.

Notes
Turn   | Place    | Note
-------+----------+-------------------------------------------
     0 | D:1      | qw the Deep Elf Hunter began the quest for the Orb.
     0 | D:1      | Reached XP level 1. HP: 12/12 MP: 3/3
     0 | D:1      | 0 ||| qw: Version: 0.3-a-9-g12657ce
     0 | D:1      | 0 ||| qw: Game counter: 2835
     0 | D:1      | 0 ||| qw: Always use a shield: true
     0 | D:1      | 0 ||| qw: God list: Okawaru
     0 | D:1      | 0 ||| qw: Allow faded altars: false
     0 | D:1      | 0 ||| qw: Do Orc after D:15 true
     0 | D:1      | 0 ||| qw: Do second Lair branch before Depths: true
     0 | D:1      | 0 ||| qw: Lair rune preference: random
     0 | D:1      | 0 ||| qw: Plans: Normal
     0 | D:1      | 0 ||| PLANNING D:1-11
    70 | D:1      | Reached XP level 2. HP: 16/16 MP: 4/4
    74 | D:1      | Reached skill level 6 in Ranged Weapons
   339 | D:1      | Reached XP level 3. HP: 20/20 MP: 5/5
   491 | D:1      | 491 ||| UPGRADING to +0 scale mail.
   501 | D:1      | 501 ||| DROPPING +0 leather armour.
   502 | D:1      | 502 ||| DROPPING ring of wizardry.
   503 | D:1      | 503 ||| DROPPING scroll of butterflies.
   569 | D:2      | Noticed Natasha
   578 | D:2      | HP: 4/20 [goblin/+0 club (3)]
   579 | D:2      | Slain by a hobgoblin

Levels and vault maps discovered:
D:1:      eino_arrival_tree_alley, layout_rooms
D:2:      layout_rooms, kennysheep_pointless_box, minmay_cut_off, uniq_natasha

Skill      XL: |  1  2 |
---------------+-------+-----
Ranged Weapons | 6 |  6.6
Fighting       | |  1.5
Dodging        | |  2.4
Stealth        | |  1.2

Action                     || total
---------------------------++-------
   Fire: Shortbow          ||    52
 Armour: Leather armour    ||     3
         Scale mail        ||    10
  Dodge: Dodged            ||    19

Table legend:
 A = Non-vault XP
 B = Vault XP
 C = Vault XP percentage of total XP
 D = Non-vault monster count
 E = Vault monster count
 F = Vault count percentage of total count
                 A         B        C        D         E       F
            +---------+---------+-------+---------+---------+-------
      Total |      44 |       0 |   0.0 |      24 |       0 |   0.0
            +---------+---------+-------+---------+---------+-------
        D:1 |      42 |       0 |   0.0 |      22 |       0 |   0.0
        D:2 |       2 |       0 |   0.0 |       2 |       0 |   0.0
            +---------+---------+-------+---------+---------+-------
